PCL
DISTRICT 9 PRAWNS @ GRESHAM GOLD SOULS
07/20/2024
 
TOP OF THE 1ST
District 9 Prawns batting - Pitching for Gresham Gold Souls : RHP Butch Ramey
Pitching: RHP Butch Ramey
Batting: LHB Terry White 0-0: Ball
1-0: Ball
2-0: Foul Ball, location: 2F
2-1: SINGLE (Groundball, 34)
Batting: RHB Alfredo Cortéz 0-0: Called Strike
0-1: Ball
1-1: Grounds into double play, 4-6-3 (Groundball, 34)
Batting: RHB Tony Guzmán 0-0: Ball
1-0: Ball
2-0: Ball
3-0: Called Strike
3-1: Base on Balls
Batting: SHB Tommy Bourassa 0-0: Ground out 4-3 (Groundball, 34)
Top of the 1st over - 0 run(s), 1 hit(s), 0 error(s), 1 left on base; District 9 0 - Gresham 0
BOTTOM OF THE 1ST
Gresham Gold Souls batting - Pitching for District 9 Prawns : RHP Gerard Allen
Pitching: RHP Gerard Allen
Batting: LHB Salvador Ruíz 0-0: Ball
1-0: Ball
2-0: Ball
3-0: Called Strike
3-1: Base on Balls
Batting: RHB Carlos García 0-0: Ball
1-0: Ball
2-0: Foul Ball, location: 2F
2-1: Ball
3-1: Foul Ball, location: 2F
3-2: Base on Balls
Salvador Ruíz to second
Batting: RHB Lorenzo Morín 0-0: Ball
1-0: SINGLE (Line Drive, 8LM)
Salvador Ruíz to third
Carlos García to second
Batting: RHB George Jost 0-0: Ball
1-0: Ball
2-0: Called Strike
2-1: Foul Ball, location: 2F
2-2: Foul Ball, location: 2F
2-2: DOUBLE (Flyball, 8LM)
Salvador Ruíz scores
Carlos García scores
Lorenzo Morín to third
Batting: RHB Pablo Lucero 0-0: Ball
1-0: Fly out, F8 (Flyball, 8LM)
Runner from 3rd tags up, SCORES, throw made
Batting: SHB Ryu Kichida 0-0: Ball
1-0: Ground out 4-3 (Groundball, 34)
George Jost to third
Batting: RHB Luke McIndoe 0-0: Ball
1-0: Ground out 6-3 (Groundball, 6M)
Bottom of the 1st over - 3 run(s), 2 hit(s), 0 error(s), 1 left on base; District 9 0 - Gresham 3
TOP OF THE 2ND
District 9 Prawns batting - Pitching for Gresham Gold Souls : RHP Butch Ramey
Batting: LHB José Flores 0-0: Ball
1-0: SINGLE (Groundball, 15) (infield hit)
Batting: RHB Mal Snyder 0-0: Called Strike
0-1: Ball
1-1: Fly out, F3 (Popup, 3SF)
Batting: LHB Ryan Hensley 0-0: Ball
José Flores steals 2nd base
1-0: Foul Ball, location: 2F
1-1: Ball
2-1: Foul Ball, location: 2F
2-2: Strikes out swinging
Batting: SHB Mark Pope 0-0: Ball
1-0: Ball
2-0: Foul Ball, location: 2F
2-1: Foul Ball, location: 2F
2-2: Ground out 6-3 (Groundball, 6)
Top of the 2nd over - 0 run(s), 1 hit(s), 0 error(s), 1 left on base; District 9 0 - Gresham 3
BOTTOM OF THE 2ND
Gresham Gold Souls batting - Pitching for District 9 Prawns : RHP Gerard Allen
Batting: RHB Pablo Castillo 0-0: Fly out, F3 (Popup, 3F)
Batting: SHB Vicente Martínez 0-0: Ball
1-0: Ball
2-0: Ground out 6-3 (Groundball, 6)
Batting: LHB Salvador Ruíz 0-0: Ball
1-0: Ball
2-0: Ball
3-0: Called Strike
3-1: Base on Balls
Batting: RHB Carlos García 0-0: Ball
1-0: Called Strike
1-1: Ball
2-1: SINGLE (Groundball, 15S) (infield hit)
Salvador Ruíz to second
Batting: RHB Lorenzo Morín 0-0: Fly out, F6 (Popup, 5L)
Bottom of the 2nd over - 0 run(s), 1 hit(s), 0 error(s), 2 left on base; District 9 0 - Gresham 3
TOP OF THE 3RD
District 9 Prawns batting - Pitching for Gresham Gold Souls : RHP Butch Ramey
Batting: RHB Phil Jacobs 0-0: Fly out, F8 (Flyball, 8LXD)
Batting: LHB Terry White 0-0: Ball
1-0: Ball
2-0: Called Strike
2-1: Ball
3-1: Base on Balls
Batting: RHB Alfredo Cortéz 0-0: Ball
Terry White steals 2nd base
1-0: Called Strike
1-1: Ball
2-1: Called Strike
2-2: Ball
3-2: Fly out, F8 (Line Drive, 8LS)
Batting: RHB Tony Guzmán 0-0: Ball
1-0: Called Strike
1-1: Foul Ball, location: 2F
1-2: Ball
2-2: Ball
3-2: Strikes out swinging
Top of the 3rd over - 0 run(s), 0 hit(s), 0 error(s), 1 left on base; District 9 0 - Gresham 3
BOTTOM OF THE 3RD
Gresham Gold Souls batting - Pitching for District 9 Prawns : RHP Gerard Allen
Batting: RHB George Jost 0-0: Foul Ball, location: 2F
0-1: Ball
1-1: Fly out, F7 (Line Drive, 7LD)
Batting: RHB Pablo Lucero 0-0: Called Strike
0-1: Ball
1-1: SINGLE (Groundball, 6M)
Batting: SHB Ryu Kichida 0-0: Ball
1-0: Ball
Wild Pitch!
Pablo Lucero to second
2-0: Ball
3-0: Called Strike
3-1: Swinging Strike
3-2: Base on Balls
Batting: RHB Luke McIndoe 0-0: Ball
1-0: Ball
2-0: Ball
3-0: Base on Balls
Pablo Lucero to third
Ryu Kichida to second
Batting: RHB Pablo Castillo 0-0: Foul Ball, location: 2F
0-1: Hit by Pitch
Pablo Lucero scores
Ryu Kichida to third
Luke McIndoe to second
Batting: SHB Vicente Martínez 0-0: Ball
1-0: Fly out, F7 (Flyball, 7D)
Runner from 3rd tags up, SCORES, no throw
Batting: LHB Salvador Ruíz 0-0: Called Strike
0-1: Ball
1-1: SINGLE (Groundball, 5D)
Luke McIndoe to third
Pablo Castillo to second
Runner from 3rd tries for Home, SAFE, no throw or cutoff
Batting: RHB Carlos García 0-0: Ball
Wild Pitch!
Pablo Castillo to third
Salvador Ruíz to second
1-0: Swinging Strike
1-1: Ball
2-1: Fly out, F3 (Popup, 13)
Bottom of the 3rd over - 3 run(s), 2 hit(s), 0 error(s), 2 left on base; District 9 0 - Gresham 6
TOP OF THE 4TH
District 9 Prawns batting - Pitching for Gresham Gold Souls : RHP Butch Ramey
Batting: SHB Tommy Bourassa 0-0: SINGLE (Groundball, 34D)
Batting: LHB José Flores 0-0: Called Strike
0-1: Swinging Strike
0-2: Ball
1-2: Ball
2-2: SINGLE (Groundball, 4M)
Tommy Bourassa to second
Batting: RHB Mal Snyder 0-0: Called Strike
0-1: Ball
1-1: Foul Ball, location: 2F
1-2: Strikes out swinging
Batting: LHB Ryan Hensley 0-0: Grounds into double play, U4-3 (Groundball, 4)
Top of the 4th over - 0 run(s), 2 hit(s), 0 error(s), 1 left on base; District 9 0 - Gresham 6
BOTTOM OF THE 4TH
Gresham Gold Souls batting - Pitching for District 9 Prawns : RHP Gerard Allen
Batting: RHB Lorenzo Morín 0-0: Ball
1-0: DOUBLE (Line Drive, 8RD)
Batting: RHB George Jost 0-0: Ball
1-0: Ball
2-0: Ball
3-0: Foul Ball, location: 2F
3-1: Base on Balls
Batting: RHB Pablo Lucero 0-0: Ball
1-0: Ball
2-0: Fly out, F6 (Popup, 6D)
Batting: SHB Ryu Kichida 0-0: Ball
1-0: Called Strike
1-1: Foul Ball, location: 2F
1-2: Ball
2-2: DOUBLE (Flyball, 8LD)
Lorenzo Morín scores
George Jost to third
Runner from 3rd tries for Home, SAFE, throw made home
Pitching: RHP Jayson Simms
Batting: RHB Luke McIndoe 0-0: Fly out, F9 (Flyball, 89M)
Batting: RHB Pablo Castillo 0-0: Called Strike
0-1: Ball
1-1: Ball
Wild Pitch!
Ryu Kichida to third
2-1: Foul Ball, location: 2F
2-2: Strikes out swinging
Bottom of the 4th over - 2 run(s), 2 hit(s), 0 error(s), 1 left on base; District 9 0 - Gresham 8
TOP OF THE 5TH
District 9 Prawns batting - Pitching for Gresham Gold Souls : RHP Butch Ramey
Batting: SHB Mark Pope 0-0: Ball
1-0: Ball
2-0: Called Strike
2-1: Foul Ball, location: 2F
2-2: DOUBLE (Flyball, 78M)
Batting: RHB Phil Jacobs 0-0: Called Strike
0-1: Swinging Strike
0-2: Ball
1-2: Ball
2-2: SINGLE (Groundball, 4M)
Mark Pope to third
Pitching: RHP Jorge Oliva
Batting: LHB Terry White 0-0: Ball
1-0: Ball
2-0: Ball
3-0: Called Strike
3-1: Called Strike
3-2: Strikes out swinging
Batting: RHB Alfredo Cortéz 0-0: Ball
1-0: Foul Ball, location: 2F
1-1: Foul Ball, location: 2F
1-2: Ball
2-2: SINGLE (Line Drive, 9LS)
Mark Pope scores
Phil Jacobs to second
Batting: RHB Tony Guzmán 0-0: Called Strike
0-1: Ball
1-1: Ball
2-1: Called Strike
2-2: Foul Ball, location: 2F
2-2: Strikes out looking
Batting: SHB Tommy Bourassa 0-0: Called Strike
0-1: Foul Ball, location: 2F
0-2: Ball
1-2: Strikes out looking
Top of the 5th over - 1 run(s), 3 hit(s), 0 error(s), 2 left on base; District 9 1 - Gresham 8
BOTTOM OF THE 5TH
Gresham Gold Souls batting - Pitching for District 9 Prawns : RHP Jayson Simms
Batting: SHB Vicente Martínez 0-0: Called Strike
0-1: Swinging Strike
0-2: Ball
1-2: Ball
2-2: Foul Ball, location: 2F
2-2: Foul Ball, location: 2F
2-2: Ball
3-2: SOLO HOME RUN (Flyball, 8RXD), Distance : 426 ft
Batting: LHB Salvador Ruíz 0-0: Ball
1-0: Ball
2-0: Fly out, F2 (Popup, 2LF)
Batting: RHB Carlos García 0-0: Ball
1-0: Ball
2-0: Ball
3-0: Base on Balls
Batting: RHB Lorenzo Morín 0-0: Ball
1-0: 2-RUN HOME RUN (Flyball, 7D), Distance : 370 ft
Pitching: RHP Doug Adams
Batting: RHB George Jost 0-0: Called Strike
0-1: Ground out 6-3 (Groundball, 56)
Batting: RHB Pablo Lucero 0-0: Ball
1-0: Ball
2-0: Ball
3-0: Base on Balls
Batting: SHB Ryu Kichida 0-0: Ball
1-0: Ball
2-0: Ball
3-0: Base on Balls
Pablo Lucero to second
Batting: RHB Luke McIndoe 0-0: Ball
1-0: Ground out 5-3 (Groundball, 5)
Bottom of the 5th over - 3 run(s), 2 hit(s), 0 error(s), 2 left on base; District 9 1 - Gresham 11
TOP OF THE 6TH
District 9 Prawns batting - Pitching for Gresham Gold Souls : RHP Jorge Oliva
Batting: LHB José Flores 0-0: Ball
1-0: Foul Ball, location: 2F
1-1: Swinging Strike
1-2: Strikes out swinging
Batting: RHB Mal Snyder 0-0: Ball
1-0: Ground out 4-3 (Groundball, 4M)
Batting: LHB Ryan Hensley 0-0: Ball
1-0: Ball
2-0: Ball
3-0: Base on Balls
Batting: SHB Mark Pope 0-0: Ball
1-0: Called Strike
1-1: Swinging Strike
1-2: Foul Ball, location: 2F
1-2: Ball
2-2: Foul Ball, location: 2F
2-2: Ball
3-2: Foul Ball, location: 2F
3-2: DOUBLE (Line Drive, 7LM)
Ryan Hensley to third
Ryan Hensley scores
Batting: RHB Phil Jacobs 0-0: Called Strike
0-1: SINGLE (Groundball, 56)
Mark Pope to third
Runner from 3rd tries for Home, SAFE, no throw or cutoff
Batting: LHB Terry White 0-0: Called Strike
0-1: Ball
1-1: Ball
2-1: Foul Ball, location: 2F
2-2: Ball
3-2: Foul Ball, location: 2F
3-2: Base on Balls
Phil Jacobs to second
Batting: RHB Alfredo Cortéz 0-0: Ball
1-0: Ball
2-0: Ball
3-0: Called Strike
3-1: Called Strike
3-2: Strikes out swinging
Top of the 6th over - 2 run(s), 2 hit(s), 0 error(s), 2 left on base; District 9 3 - Gresham 11
BOTTOM OF THE 6TH
Gresham Gold Souls batting - Pitching for District 9 Prawns : RHP Doug Adams
Batting: RHB Pablo Castillo 0-0: Ball
1-0: Ground out 1-3 (Groundball, 13S)
Batting: SHB Vicente Martínez 0-0: Foul Ball, location: 2F
0-1: Called Strike
0-2: Foul Ball, location: 2F
0-2: Fly out, F7 (Flyball, 78XD)
Batting: LHB Salvador Ruíz 0-0: SINGLE (Line Drive, 6MD)
Batting: RHB Carlos García 0-0: Foul Ball, location: 2F
0-1: Ball
1-1: Fly out, F4 (Popup, 4M)
Bottom of the 6th over - 0 run(s), 1 hit(s), 0 error(s), 1 left on base; District 9 3 - Gresham 11
TOP OF THE 7TH
District 9 Prawns batting - Pitching for Gresham Gold Souls : RHP Jorge Oliva
Pitching: RHP José González
Batting: RHB Tony Guzmán 0-0: Called Strike
0-1: Ball
1-1: Swinging Strike
1-2: Ball
2-2: Foul Ball, location: 2F
2-2: Strikes out swinging
Batting: SHB Tommy Bourassa 0-0: Ball
1-0: Called Strike
1-1: Ground out U3 (Groundball, 3S)
Batting: LHB José Flores 0-0: Called Strike
0-1: Fly out, F4 (Line Drive, 4)
Top of the 7th over - 0 run(s), 0 hit(s), 0 error(s), 0 left on base; District 9 3 - Gresham 11
BOTTOM OF THE 7TH
Gresham Gold Souls batting - Pitching for District 9 Prawns : RHP Doug Adams
Batting: RHB Lorenzo Morín 0-0: Ball
1-0: Foul Ball, location: 2F
1-1: Ball
2-1: Ball
3-1: Swinging Strike
3-2: Base on Balls
Batting: RHB George Jost 0-0: Called Strike
0-1: Foul Ball, location: 2F
0-2: Ball
1-2: Ball
2-2: Foul Ball, location: 2F
2-2: 2-RUN HOME RUN (Flyball, 78XD), Distance : 405 ft
Batting: RHB Pablo Lucero 0-0: Called Strike
0-1: Called Strike
0-2: Ground out 6-3 (Groundball, 6)
Pitching: RHP Fernando Mendoza
Batting: SHB Ryu Kichida 0-0: Ball
1-0: Called Strike
1-1: Foul Ball, location: 2F
1-2: Foul Ball, location: 2F
1-2: Ball
2-2: Foul Ball, location: 2F
2-2: Ball
3-2: Ground out 1-3 (Groundball, 25)
Batting: RHB Luke McIndoe 0-0: Ball
1-0: Called Strike
1-1: Foul Ball, location: 2F
1-2: Ball
2-2: Foul Ball, location: 2F
2-2: Foul Ball, location: 2F
2-2: Ground out 5-3 (Groundball, 5S)
Bottom of the 7th over - 2 run(s), 1 hit(s), 0 error(s), 0 left on base; District 9 3 - Gresham 13
TOP OF THE 8TH
District 9 Prawns batting - Pitching for Gresham Gold Souls : RHP José González
Batting: RHB Mal Snyder 0-0: Ball
1-0: Ball
2-0: Ball
3-0: Called Strike
3-1: Fly out, F7 (Flyball, 78S)
Batting: LHB Ryan Hensley 0-0: Ball
1-0: Fly out, F7 (Flyball, 7LD)
Pinch Hitting: RHB Enrique Aguilar 0-0: Called Strike
0-1: Swinging Strike
0-2: Ball
1-2: Foul Ball, location: 2F
1-2: Ball
2-2: Foul Ball, location: 2F
2-2: Foul Ball, location: 2F
2-2: Ball
3-2: Fly out, F8 (Flyball, 8LM)
Top of the 8th over - 0 run(s), 0 hit(s), 0 error(s), 0 left on base; District 9 3 - Gresham 13
BOTTOM OF THE 8TH
Gresham Gold Souls batting - Pitching for District 9 Prawns : RHP Fernando Mendoza
Now at SS: Enrique Aguilar
Batting: RHB Pablo Castillo 0-0: Ball
1-0: Called Strike
1-1: Fly out, F6 (Popup, 6MS)
Batting: SHB Vicente Martínez 0-0: Hit by Pitch
Batting: LHB Salvador Ruíz 0-0: SINGLE (Line Drive, 34)
Vicente Martínez to second
Runner from 2nd tries for 3rd, OUT!
Salvador Ruíz to second
Batting: RHB Carlos García 0-0: Called Strike
0-1: Ball
1-1: Swinging Strike
1-2: Ball
2-2: Ball
3-2: Base on Balls
Batting: RHB Lorenzo Morín 0-0: Called Strike
0-1: Foul Ball, location: 2F
0-2: Ball
1-2: Foul Ball, location: 2F
1-2: Ball
2-2: Strikes out swinging
Bottom of the 8th over - 0 run(s), 1 hit(s), 0 error(s), 2 left on base; District 9 3 - Gresham 13
TOP OF THE 9TH
District 9 Prawns batting - Pitching for Gresham Gold Souls : RHP José González
Batting: RHB Phil Jacobs 0-0: Fly out, F9 (Flyball, 9M)
Pinch Hitting: LHB Brian Roy 0-0: Called Strike
0-1: Ball
1-1: Foul Ball, location: 2F
1-2: Ball
2-2: Foul Ball, location: 2F
2-2: Ball
3-2: Strikes out looking
Pinch Hitting: RHB Lateef Makini 0-0: Reached on error, E4 (Groundball, 4)
Batting: RHB Tony Guzmán 0-0: Ball
1-0: Called Strike
1-1: Called Strike
1-2: Foul Ball, location: 2F
1-2: Fly out, F4 (Line Drive, 4)
Top of the 9th over - 0 run(s), 0 hit(s), 1 error(s), 1 left on base; District 9 3 - Gresham 13
This league is powered by Out of the Park Baseball, the baseball management simulation game for PC, Mac and Linux
Saturday, April 9th, 2016 - OOTP Baseball 16.8 Build 38